 Dungeon Sprint DCSS version 0.24.0-1-gfbc8707 (webtiles) character file.

Game seed: 2423075631085095159, levelgen mode: deterministic

8000000 Fang the Conqueror (level 27, -18/323 HPs)
             Began as a Demonspawn Gladiator on Nov 1, 2019.
             Was the Champion of Makhleb.
             Demolished by The Servant
             ... wielding a +9 glaive of flaming
              (33 damage)
             ... in the Dungeon (Sprint VIII: "Arena of Blood").
             The game lasted 00:01:10 (80 turns).

Fang the Conqueror (Demonspawn Gladiator)             Turns: 80, Time: 00:01:11

Health: -18/323    AC: 12    Str: 26    XL:     27
Magic:  30/54      EV: 32    Int: 10    God:    Makhleb [******]
Gold:   0          SH:  0    Dex: 16    Spells: 80/80 levels left

rFire    + . .     SeeInvis .   l - +∞ Axe of Woe
rCold    . . .     Gourm    .   (shield currently unavailable)
rNeg     . . .     Faith    .   b - +0 leather armour
rPois    .         Spirit   .   c - +0 helmet
rElec    .         Reflect  .   (no cloak)
rCorr    .         Harm     .   (no gloves)
MR       ++...     NoTele   +   (boots unavailable)
Stlth    ++++++++++             (no amulet)
HPRegen  0.63/turn              m - +30 ring of slaying
MPRegen  0.34/turn              n - +30 ring of slaying

@: no status effects
A: hooves 3, molten scales 3, demonic guardian 3, nightstalker 3, robust 3
a: Minor Destruction, Lesser Servant of Makhleb, Major Destruction, Greater
Servant of Makhleb, Renounce Religion


You were in the Dungeon.
You worshipped Makhleb.
Makhleb was exalted by your worship.
You were not hungry.

You visited 1 branch

Inventory:

Hand Weapons
 a - a +0 war axe
 l - the +∞ Axe of Woe (weapon)
   (You found it in the Dungeon)
Missiles
 d - 3 throwing nets (quivered)
Armour
 b - a +0 leather armour (worn)
 c - a +0 helmet (worn)
Jewellery
 m - a +30 ring of slaying (left hand)
 n - a +30 ring of slaying (right hand)
Scrolls
 k - a scroll of blinking
Potions
 e - a potion of curing
 g - a potion of heal wounds
 h - a potion of haste
 i - 2 potions of magic
 j - a potion of berserk rage
Comestibles
 f - a ration


   Skills:
 O Level 27 Fighting
 O Level 27 Axes
 O Level 27 Throwing
 O Level 27 Armour
 O Level 27 Dodging
 O Level 27 Stealth
 O Level 27 Unarmed Combat
 O Level 27 Spellcasting
 O Level 27 Invocations


You had 80 spell levels left.
You didn't know any spells.
Your spell library was empty.

Dungeon Overview and Level Annotations

Branches:
Dungeon (1/1)

Altars:
Makhleb

Annotations:
D The Servant


Innate Abilities, Weirdness & Mutations

You have hooves in place of feet.
You are completely covered in molten scales. (AC +4, rF+)
A powerful demonic guardian rushes to your aid.
You are completely attuned to the shadows.
You are extremely robust. (+30% HP)


Message History

No reachable target in view!
Unknown command.
No reachable target in view!
Unknown command.
No reachable target in view!
An orc, 3 ogres, a hell beast and a greater mummy come into view.
You are engulfed in blazing flames.
You resist.
The bag of meat shouts!
The meat berserker shouts!
You hear a shout! x6
The destroyer is engulfed in blazing flames.
The destroyer hits you with a +9 great sword of slicing!!!!!
Ouch! That really hurt!
* * * LOW HITPOINT WARNING * * *
x2 The destroyer bites you but does no damage.
The bag of meat is engulfed in blazing flames.
The bag of meat hits you with a +9 war axe!
* * * LOW HITPOINT WARNING * * *
A meat berserker comes into view. It is wielding a +9 battleaxe.
You hear a shout!
The Servant hits you from afar with a +9 glaive of flaming!!
You die...

...###...§§))###.
........###))....
#.....).._)))....
.#..)).#....
#_)<)_#....
..#)))..#....
...))_)......
.....o#2#......
..###..§@§..###.
. #.oVo§..#
#o..@...#
.M§.2..OO
..OO.oo..


You could see an accursed, a meat beast, The Servant, a destroyer, 4 meat
berserkers, 6 bags of meat and a friendly cacodemon.

Vanquished Creatures
  4 hell beasts (D)
  15 vampire knights (D)
  16 ogres (D)
  2 two-headed ogres (D)
  23 orcs (D)
  A skeletal warrior (D)
  4 crawling corpses (D)
65 creatures vanquished.

Notes
Turn   | Place    | Note
-------+----------+-------------------------------------------
     0 | D        | Found the +∞ Axe of Woe
     0 | D        | Fang the Demonspawn Gladiator began the quest for the Orb.
     0 | D        | Reached XP level 1. HP: 16/16 MP: 1/1
     2 | D        | Noticed a meat berserker
     2 | D        | Noticed a bag of meat
     4 | D        | Became a worshipper of Makhleb the Destroyer
     5 | D        | Noticed a bag of meat
     6 | D        | Noticed a bag of meat
     8 | D        | Killed a meat berserker
     8 | D        | Reached skill level 15 in Axes
     8 | D        | Reached skill level 15 in Throwing
     8 | D        | Reached skill level 15 in Dodging
     8 | D        | Gained mutation: You are partially covered in molten
                  | scales. (AC +2) [demonic ancestry]
     8 | D        | Reached XP level 2. HP: 46/46 MP: 2/2
     8 | D        | Reached XP level 3. HP: 52/52 MP: 3/3
     8 | D        | Reached XP level 4. HP: 59/59 MP: 4/4
     8 | D        | Reached XP level 5. HP: 66/66 MP: 5/5
     8 | D        | Reached XP level 6. HP: 73/73 MP: 6/6
     8 | D        | Gained mutation: A weak demonic guardian rushes to your
                  | aid. [demonic ancestry]
     8 | D        | Reached XP level 7. HP: 79/79 MP: 7/7
     8 | D        | Gained mutation: A demonic guardian rushes to your aid.
                  | [demonic ancestry]
     8 | D        | Reached XP level 8. HP: 86/86 MP: 8/8
     8 | D        | Reached XP level 9. HP: 92/92 MP: 9/9
     8 | D        | Gained mutation: You are slightly more attuned to the
                  | shadows. [demonic ancestry]
     8 | D        | Reached XP level 10. HP: 100/100 MP: 10/10
     8 | D        | Gained mutation: You have large cloven feet. [demonic
                  | ancestry]
     8 | D        | Reached XP level 11. HP: 106/106 MP: 11/11
     8 | D        | Reached XP level 12. HP: 113/113 MP: 12/12
     8 | D        | Gained mutation: You have hoof-like feet. [demonic
                  | ancestry]
     8 | D        | Reached XP level 13. HP: 119/119 MP: 13/13
     9 | D        | Noticed a bag of meat
    11 | D        | Killed a bag of meat
    11 | D        | Reached * piety under Makhleb
    11 | D        | Noticed a meat berserker
    11 | D        | Noticed a bag of meat
    12 | D        | Killed a bag of meat
    12 | D        | Reached XP level 14. HP: 89/133 MP: 14/14
    14 | D        | Killed a meat berserker
    14 | D        | Gained mutation: You are significantly more attuned to the
                  | shadows. [demonic ancestry]
    14 | D        | Reached XP level 15. HP: 97/144 MP: 15/15
    15 | D        | Reached ** piety under Makhleb
    18 | D        | Noticed a meat berserker
    20 | D        | Killed a meat berserker
    20 | D        | Gained mutation: You are robust. (+10% HP) [demonic
                  | ancestry]
    20 | D        | Reached XP level 16. HP: 108/174 MP: 16/16
    22 | D        | Reached *** piety under Makhleb
    23 | D        | Noticed a meat berserker
    24 | D        | Noticed a meat berserker
    27 | D        | Killed a meat berserker
    27 | D        | Reached XP level 17. HP: 160/188 MP: 17/17
    28 | D        | Noticed a meat berserker
    28 | D        | Noticed a meat berserker
    30 | D        | Killed a meat berserker
    30 | D        | Reached **** piety under Makhleb
    30 | D        | Reached skill level 27 in Fighting
    30 | D        | Reached XP level 18. HP: 200/200 MP: 18/18
    31 | D        | Noticed a sculptor of flesh
    31 | D        | Noticed a destroyer
    32 | D        | Killed a meat berserker
    32 | D        | Reached skill level 27 in Axes
    32 | D        | Reached skill level 27 in Throwing
    32 | D        | Reached skill level 27 in Dodging
    32 | D        | Reached skill level 5 in Stealth
    32 | D        | Killed a meat berserker
    32 | D        | Reached skill level 10 in Armour
    32 | D        | Reached skill level 10 in Unarmed Combat
    32 | D        | Reached skill level 10 in Spellcasting
    33 | D        | Reached skill level 15 in Invocations
    33 | D        | Gained mutation: You are completely attuned to the shadows.
                  | [demonic ancestry]
    33 | D        | Reached XP level 19. HP: 207/207 MP: 18/34
    34 | D        | Reached ***** piety under Makhleb
    34 | D        | Noticed a meat berserker
    35 | D        | Killed a destroyer
    35 | D        | Reached skill level 15 in Armour
    35 | D        | Reached skill level 15 in Unarmed Combat
    35 | D        | Reached skill level 15 in Spellcasting
    35 | D        | Gained mutation: You have hooves in place of feet. [demonic
                  | ancestry]
    35 | D        | Reached XP level 20. HP: 216/216 MP: 18/40
    35 | D        | Noticed a destroyer
    35 | D        | Noticed a meat berserker
    37 | D        | Noticed a destroyer
    38 | D        | Killed a destroyer
    38 | D        | Noticed a destroyer
    39 | D        | Killed a meat berserker
    39 | D        | Reached skill level 27 in Invocations
    39 | D        | Gained mutation: You are mostly covered in molten scales.
                  | (AC +3) [demonic ancestry]
    39 | D        | Reached XP level 21. HP: 224/224 MP: 19/45
    40 | D        | Killed a destroyer
    40 | D        | Noticed a large bag of meat
    41 | D        | Reached ****** piety under Makhleb
    41 | D        | Noticed a destroyer
    41 | D        | Noticed a destroyer
    42 | D        | Killed a destroyer
    42 | D        | Reached skill level 27 in Stealth
    42 | D        | Reached XP level 22. HP: 233/233 MP: 19/51
    46 | D        | Killed a large bag of meat
    46 | D        | Reached skill level 27 in Armour
    46 | D        | Reached skill level 27 in Unarmed Combat
    46 | D        | Reached skill level 27 in Spellcasting
    47 | D        | Gained mutation: You are completely covered in molten
                  | scales. (AC +4, rF+) [demonic ancestry]
    47 | D        | Reached XP level 23. HP: 240/240 MP: 21/54
    47 | D        | Noticed a destroyer
    48 | D        | Killed a destroyer
    49 | D        | Killed a destroyer
    50 | D        | Noticed a destroyer
    51 | D        | Noticed a destroyer
    51 | D        | Gained mutation: You are very robust. (+20% HP) [demonic
                  | ancestry]
    51 | D        | Reached XP level 24. HP: 204/272 MP: 22/54
    52 | D        | Noticed a destroyer
    53 | D        | Killed a destroyer
    55 | D        | Killed a destroyer
    55 | D        | Killed a destroyer
    55 | D        | Gained mutation: A powerful demonic guardian rushes to your
                  | aid. [demonic ancestry]
    55 | D        | Reached XP level 25. HP: 267/280 MP: 23/54
    57 | D        | Killed a destroyer
    57 | D        | Noticed a destroyer
    59 | D        | HP: 4/280 [destroyer/+9 great sword of slicing (12)]
    60 | D        | Killed a destroyer
    61 | D        | Noticed a meat beast
    62 | D        | Reached XP level 26. HP: 146/290 MP: 25/54
    63 | D        | Killed a meat beast
    64 | D        | Noticed a destroyer
    67 | D        | Gained mutation: You are extremely robust. (+30% HP)
                  | [demonic ancestry]
    67 | D        | Reached XP level 27. HP: 253/323 MP: 26/54
    67 | D        | Noticed a destroyer
    69 | D        | Killed a destroyer
    71 | D        | Noticed a meat beast
    72 | D        | Killed a destroyer
    74 | D        | Killed a meat beast
    75 | D        | Noticed a large bag of meat
    75 | D        | Noticed a meat beast
    75 | D        | Noticed a destroyer
    75 | D        | Noticed a destroyer
    75 | D        | Noticed a destroyer
    76 | D        | Noticed a meat beast
    76 | D        | Killed a meat beast
    76 | D        | Killed a destroyer
    76 | D        | Noticed an accursed
    77 | D        | Killed a large bag of meat
    77 | D        | Killed a destroyer
    77 | D        | Noticed The Servant
    78 | D        | Killed a meat beast
    80 | D        | Noticed a meat beast
    80 | D        | Noticed an accursed
    80 | D        | HP: 15/323 [bag of meat/+9 war axe (14)]
    80 | D        | Demolished by The Servant

Levels and vault maps discovered:
D:        meatsprint

Skill      XL: |  1  2  3  4  5  6  7  8  9 10 11 12 13 14 15 16 17 18 19 20 21 22 |
---------------+-------------------------------------------------------------------+-----
Fighting       | 16 19 21 24 26 27 | 27.0
Axes           | 15 18 19 22 24 26 27 | 27.0
Throwing       | 15 18 19 22 24 26 27 | 27.0
Dodging        | 15 18 19 22 24 26 27 | 27.0
Armour         | 11 16 20 25 27 | 27.0
Stealth        | 12 17 22 27 | 27.0
Unarmed Combat | 11 16 20 25 27 | 27.0
Spellcasting   | 11 16 20 25 27 | 27.0
Invocations    | 15 22 27 | 27.0

Action                   |  1- 3 |  4- 6 |  7- 9 | 10-12 | 13-15 | 16-18 | 19-21 | 22-24 | 25-27 || total
-------------------------+-------+-------+-------+-------+-------+-------+-------+-------+-------++-------
Melee: Executioner's axe |     1 |       |       |       |     6 |     6 |     8 |     9 |    16 ||    46
 Stab: Distracted        |       |       |       |       |       |     1 |       |       |       ||     1
Armor: Leather armour    |       |       |       |       |       |       |       |       |     2 ||     2
Dodge: Dodged            |       |       |       |       |     2 |     1 |       |     1 |     1 ||     5
